 Dungeon Crawl Stone Soup version 0.17-a0-491-gbd49765 (webtiles) character file.

11821 Fluffy the Protected (level 11, -6/101 HPs)
             Began as a Minotaur Fighter on Apr 9, 2015.
             Was a High Priest of Okawaru.
             Mangled by a ghoul (17 damage)
             ... on level 2 of the Abyss.
             The game lasted 00:43:57 (11357 turns).

Fluffy the Protected (Minotaur Fighter)            Turns: 11357, Time: 00:43:58

Health: -6/101     AC: 11    Str: 22    XL:     11   Next: 54%
Magic:  9/14       EV: 12    Int: 10    God:    Okawaru [*****.]
Gold:   896        SH: 21    Dex: 12    Spells: 0 memorised, 10 levels left

rFire  . . .     SeeInvis +     a - +1 long sword (curse)
rCold  . . .     Clarity  .     y - +1 leather armour of Menur {rN+ Regen+ SInv Stlth-}
rNeg   + . .     SustAb   .     t - +1 large shield (curse)
rPois  +         Gourm    .     o - +2 hat of the High Council {Archmagi, Wiz- Stlth-}
rElec  .         Spirit   .     E - +0 cloak {rPois}
rCorr  .         Warding  .     (no gloves)
rMut   +         Stasis   .     H - +0 pair of boots
MR     .....                    v - amulet of resist mutation
Stlth  +.........               (no ring)
                                e - ring of stealth

@: brilliant, heroism, finesse, not resistant to hostile enchantments, very
unstealthy
A: retaliatory headbutt, horns 2, spit poison 1
a: Spit Poison, Heroism, Finesse, Renounce Religion


You were on level 2 of the Abyss.
You worshipped Okawaru.
Okawaru was extremely pleased with you.
You were not hungry.

You visited 2 branches of the dungeon, and saw 12 of its levels.
You visited the Abyss 1 time.

You collected 896 gold pieces.

Inventory:

Hand weapons
 a - a cursed +1 long sword (weapon)
 F - a +2 short sword of holy wrath
Missiles
 B - 3 tomahawks of dispersal (quivered)
Armour
 o - the +2 hat of the High Council (worn) {Archmagi, Wiz- Stlth-}
   (You found it on level 4 of the Dungeon)

   It makes you less stealthy.
 t - a cursed +1 large shield (worn)
 x - a +0 plate armour
 y - the +1 leather armour of Menur (worn) {rN+ Regen+ SInv Stlth-}
   (You found it on level 7 of the Dungeon)

   It protects you from negative energy.
   It enhances your eyesight.
   It increases your rate of regeneration.
   It makes you less stealthy.
 E - a +0 cloak of poison resistance (worn)
 H - a +0 pair of boots (worn)
Jewellery
 e - a ring of stealth (left hand)
 v - an amulet of resist mutation (around neck)
Magical devices
 i - a wand of draining (0)
 k - a wand of frost (13)
 m - a wand of digging (16)
 A - a wand of digging (19)
 C - a wand of digging (0)
Scrolls
 b - 4 scrolls of teleportation
 l - 3 scrolls of immolation
 D - 2 scrolls of remove curse
 I - a scroll of random uselessness {unknown}
Potions
 c - a potion of magic
 j - 2 potions of cancellation
 p - 3 potions of agility
 q - 2 potions of restore abilities
 r - a potion of berserk rage
 u - 2 potions of invisibility
 w - a potion of resistance
Comestibles
 d - 8 bread rations
 f - 2 beef jerkies
 h - 26 fruits
 n - 4 meat rations
 s - a slice of pizza


   Skills:
 + Level 10.9(15.9) Fighting
 + Level 10.7(15.7) Long Blades
 + Level 11.0(16.0) Armour
 + Level 0.7(5.7) Dodging
 + Level 10.7(15.7) Shields
 + Level 6.4 Invocations


You had 10 spell levels left.
You didn't know any spells.

Dungeon Overview and Level Annotations

Branches:
Dungeon (11/15)            Temple (1/1) D:6            Lair (0/8) D:9
    Orc: D:9-12

Altars:
Ashenzari
Cheibriados
Dithmenos
Elyvilon
Fedhas
Gozag
Kikubaaqudgha
Makhleb
Nemelex Xobeh
Okawaru
Qazlal
Ru
Sif Muna
Trog
Vehumet
Xom
Yredelemnul
Zin
The Shining One

Shops:
D:9 [(

Annotations:
D:11 Psyche


Innate Abilities, Weirdness & Mutations

You reflexively headbutt those who attack you in melee.
You have a pair of horns on your head.
You can spit weak poison.


Message History

The ghoul is lightly damaged.
You hit the ghoul.
The ghoul is lightly damaged.
You hit the ghoul but do no damage.
The ghoul is lightly damaged.
You block the ghoul's attack. The ghoul claws you.
* * * LOW HITPOINT WARNING * * *
Drink which item? (? for menu, Esc to quit)
Okay, then.
You slice the ghoul!! You headbutt the ghoul.
The ghoul is moderately damaged.
You slash the ghoul!
The ghoul is moderately damaged.
You hit the ghoul.
You headbutt the ghoul, but do no damage.
The ghoul is heavily damaged.
The ghoul hits you!
* * * LOW HITPOINT WARNING * * *
The ghoul claws you!
You die...

# #...... .
.. . . #...
.....#.....#
# # # .. ..
.#. . # #.
...# .
.......#.
.... n#
xn..##..#.#
### .##
##.n..... ..
......
###xX..###.
≈ .#..#
##n#. .# ? #
#. ##@# ##.#
# . " ## ..
### ..# # #
#


You could see 2 ghouls, an ancient zyme and a large abomination.

Vanquished Creatures
  Erolcha (D:9)
  Fannar (D:10)
  An ugly thing (D:11)
  A manticore (D:11)
  Maurice (D:9)
  Joseph (D:9)
  A troll (D:9)
  4 wandering mushrooms (D:9)
  A deep elf mage (D:9)
  A yak (D:9)
  A wyvern (D:11)
  A wraith (D:11)
  A human (D:3)
  Eustachio (D:4)
  Grum (D:11)
  A deep elf fighter (D:9)
  A steam dragon (D:11)
  3 wolves (D:11)
  2 hippogriffs (D:10)
  A hungry ghost (D:9)
  Menkaure (D:7)
  6 orc warriors
  4 ice beasts
  3 black bears
  A wasp (D:8)
  3 sky beasts
  A phantom (D:9)
  3 crocodiles (D:9)
  3 big kobolds
  A centaur (D:5)
  2 giant frogs
  2 ogres
  Blork the orc (D:6)
  A wyvern zombie (D:8)
  A gnoll sergeant (D:3)
  A wyvern skeleton (D:10)
  A scorpion (D:9)
  11 killer bees
  2 oklob saplings (D:9)
  3 jellies
  4 wights (D:11)
  A centaur zombie (D:8)
  3 crimson imps
  6 gnoll shamans
  A giant frog zombie (D:5)
  A centaur skeleton (D:4)
  A goliath beetle (D:7)
  7 hounds
  8 orc priests
  3 iguanas
  2 giant frog skeletons
  Jessica (D:3)
  8 orc wizards
  5 worker ants
  A mummy (D:6)
  A hound zombie (D:5)
  A hound skeleton (D:7)
  Robin (D:4)
  12 adders
  54 gnolls
  5 river rats
  A worm (D:3)
  An adder skeleton (D:9)
  4 giant geckos
  An ooze (D:1)
  49 orcs
  3 ball pythons
  4 giant cockroaches
  12 hobgoblins
  22 jackals
  21 kobolds
  2 quokkas
  18 bats
  5 giant newts
  12 goblins
  A goblin zombie (D:3)
  2 jackal skeletons
  25 rats
  4 ballistomycetes
390 creatures vanquished.

Vanquished Creatures (collateral kills)
  A jelly (D:7)
1 creature vanquished.

Vanquished Creatures (others)
  3 giant spores
3 creatures vanquished.

Grand Total: 394 creatures vanquished

Notes
Turn   | Place    | Note
--------------------------------------------------------------
     0 | D:1      | Fluffy, the Minotaur Fighter, began the quest for the Orb.
     0 | D:1      | Reached XP level 1. HP: 19/19 MP: 0/0
    61 | D:1      | Reached XP level 2. HP: 18/27 MP: 1/1
   520 | D:2      | Found an ancient bone altar of Kikubaaqudgha.
   525 | D:2      | Found a snail-covered altar of Cheibriados.
   526 | D:2      | Found a sparkling altar of Nemelex Xobeh.
   535 | D:2      | Reached skill level 4 in Fighting
   751 | D:2      | Reached XP level 3. HP: 31/33 MP: 2/2
   954 | D:3      | Noticed a gnoll sergeant
  1009 | D:4      | Reached XP level 4. HP: 6/41 MP: 3/3
  1524 | D:4      | Noticed Robin
  1531 | D:4      | Killed Robin
  1556 | D:4      | Found a radiant altar of Vehumet.
  1618 | D:4      | Reached XP level 5. HP: 36/47 MP: 4/4
  1631 | D:4      | Found a shattered altar of Ashenzari.
  1634 | D:4      | Noticed Eustachio
  1656 | D:4      | Killed Eustachio
  1656 | D:4      | Reached skill level 5 in Fighting
  1656 | D:4      | Reached skill level 5 in Armour
  1656 | D:4      | Reached skill level 5 in Shields
  1656 | D:4      | Reached XP level 6. HP: 21/56 MP: 5/5
  2246 | D:4      | Reached skill level 5 in Long Blades
  2346 | D:4      | Reached XP level 7. HP: 13/62 MP: 6/6
  2721 | D:3      | Reached skill level 6 in Fighting
  2809 | D:3      | Found a runed door.
  2809 | D:3      | Noticed a human
  2812 | D:3      | Found a basalt altar of Yredelemnul.
  2869 | D:3      | Killed a human
  3238 | D:3      | Noticed Jessica
  3251 | D:3      | Killed Jessica
  3312 | D:3      | Reached XP level 8. HP: 71/71 MP: 7/7
  3524 | D:3      | Killed a gnoll sergeant
  3524 | D:3      | Reached skill level 7 in Armour
  4411 | D:5      | Entered Level 5 of the Dungeon
  4532 | D:5      | Found a deep blue altar of Sif Muna.
  4866 | D:5      | Reached skill level 8 in Armour
  5038 | D:6      | Found a staircase to the Ecumenical Temple.
  5047 | Temple   | Entered the Ecumenical Temple
  5082 | Temple   | Became a worshipper of Warmaster Okawaru
  5293 | D:6      | Reached XP level 9. HP: 76/80 MP: 8/8
  5317 | D:6      | Reached skill level 1 in Invocations
  5474 | D:6      | Noticed Blork the orc
  5481 | D:6      | Killed Blork the orc
  6111 | D:7      | Found a shimmering altar of Xom.
  6111 | D:7      | Found a shimmering altar of Xom.
  6112 | D:7      | Found a shimmering altar of Xom.
  6112 | D:7      | Noticed Menkaure
  6118 | D:7      | Got an encrusted leather armour
  6119 | D:7      | Found a shimmering altar of Xom.
  6241 | D:6      | Acquired Okawaru's first power
  6281 | D:6      | Identified the +1 leather armour of Menur {rN+ Regen+ SInv Stlth-} (You found it on level 7 of the Dungeon)
  6581 | D:7      | Killed Menkaure
  7118 | D:8      | Reached skill level 9 in Fighting
  7516 | D:8      | Gained mutation: You can spit weak poison. [potion of beneficial mutation]
  7550 | D:8      | Reached XP level 10. HP: 91/91 MP: 11/11
  8357 | D:9      | Noticed Maurice
  8421 | D:9      | Found Hemor's Weapon Shoppe.
  8421 | D:9      | Noticed Erolcha
  8422 | D:9      | Found a staircase to the Orcish Mines.
  8435 | D:9      | Killed Erolcha
  8486 | D:9      | Found Wibribod's Armour Shoppe.
  8612 | D:9      | Noticed Joseph
  8634 | D:9      | Killed Joseph
  8634 | D:9      | Reached skill level 10 in Fighting
  8634 | D:9      | Reached skill level 10 in Armour
  8634 | D:9      | Reached skill level 5 in Invocations
  8815 | D:9      | Found a blossoming altar of Fedhas.
  8839 | D:9      | Reached skill level 10 in Shields
  9268 | D:9      | Found a staircase to the Lair.
  9284 | D:9      | Reached skill level 10 in Long Blades
  9361 | D:9      | Reached XP level 11. HP: 81/101 MP: 14/14
  9471 | D:9      | Killed Maurice
  9471 | D:9      | Received a gift from Okawaru
  9528 | D:10     | Entered Level 10 of the Dungeon
  9688 | D:10     | Noticed Fannar
  9719 | D:10     | Killed Fannar
 10560 | D:11     | Noticed Grum
 10581 | D:11     | Killed Grum
 10743 | D:11     | Acquired Okawaru's second power
 10956 | D:11     | Noticed Psyche
 11245 | D:11     | Reached skill level 11 in Armour
 11284 | D:11     | Cast into the Abyss (Psyche)
 11284 | Abyss:1  | Found a corrupted altar of Lugonu.
 11288 | Abyss:1  | Found a corrupted altar of Lugonu.
 11313 | Abyss:2  | Noticed a ghoul
 11314 | Abyss:2  | Noticed a ghoul
 11315 | Abyss:2  | Noticed a ghoul
 11332 | Abyss:2  | HP: 4/101 [ghoul (17)]
 11333 | Abyss:2  | HP: 1/101 [ghoul (4)]
 11357 | Abyss:2  | Mangled by a ghoul

Action                   |  1- 3 |  4- 6 |  7- 9 | 10-12 || total
-------------------------+-------+-------+-------+-------++-------
Melee: Long sword        |    78 |   110 |   739 |   560 ||  1487
Invok: Heroism           |       |       |       |     2 ||     2
       Finesse           |       |       |       |     1 ||     1
Evoke: Wand              |       |       |       |    17 ||    17
  Use: Potion            |       |     1 |     2 |     4 ||     7
       Scroll            |       |     7 |    11 |     5 ||    23
  Eat: Chunk             |       |     5 |    18 |    13 ||    36
